 Dungeon Crawl Stone Soup version 0.20.1-1-g8b1a95d (webtiles) character file.

68 slep the Skirmisher (level 4, -3/37 HPs)
             Began as a Demonspawn Wanderer on Oct 22, 2017.
             Slain by a gnoll
             ... wielding a +0 flail
              (7 damage)
             ... on level 2 of the Dungeon.
             The game lasted 00:07:23 (1185 turns).

slep the Skirmisher (Demonspawn Wanderer)           Turns: 1185, Time: 00:07:24

Health: -3/37      AC:  2    Str: 13    XL:     4   Next: 1%
Magic:  5/5        EV: 12    Int: 14    God:
Gold:   55         SH:  0    Dex: 14    Spells: 5/5 levels left

rFire    . . .     SeeInvis .   a - +2 hand axe
rCold    . . .     Gourm    .   (no shield)
rNeg     . . .     Faith    .   c - +0 robe
rPois    .         Spirit   .   (helmet restricted)
rElec    .         Reflect  .   (no cloak)
rCorr    .         Harm     .   (no gloves)
MR       .....                  (no boots)
Stlth    ++........             (no amulet)
Regen    0.2/turn               (no ring)
MPRegen  0.1/turn               (no ring)

@: no status effects
A: horns 1, thin skeletal structure 1
a: no special abilities


You were on level 2 of the Dungeon.
You were not hungry.

You visited 1 branch of the dungeon, and saw 2 of its levels.

You collected 55 gold pieces.

Inventory:

Hand Weapons
 a - a +2 hand axe (weapon)
Armour
 c - a +0 robe (worn)
Wands
 h - a wand of confusion (18/48)
Scrolls
 e - 2 scrolls of identify {unknown}
 f - a scroll of teleportation {unknown}
 i - 2 scrolls of blinking {unknown}
 j - a scroll of fog {unknown}
 l - a scroll of enchant weapon {unknown}
 m - a scroll of remove curse {unknown}
Potions
 b - 2 potions of curing
 g - a potion of berserk rage
Comestibles
 d - 2 bread rations
 k - 2 chunks of flesh


   Skills:
 + Level 4.0 Fighting
 + Level 1.9 Axes
 + Level 1.0 Armour
 + Level 1.0 Dodging
 + Level 0.6 Stealth
   Level 1.0 Shields
 + Level 1.0 Spellcasting
   Level 1.0 Earth Magic
   Level 1.0 Poison Magic
 + Level 1.0 Evocations


You had 5 spell levels left.
You didn't know any spells.

Dungeon Overview and Level Annotations

Branches:
Dungeon (2/15)

Altars:


Innate Abilities, Weirdness & Mutations

You have a pair of small horns on your head.
You have a somewhat thin skeletal structure. (Dex +2, Stealth)


Message History

* * * LOW HITPOINT WARNING * * *
You slash the gnoll!
You kill the gnoll!
Your Dodging skill increases to level 1!
You have reached level 4!
You feel clever.
Your demonic ancestry asserts itself...
A pair of horns grows on your head!
The gnoll throws a throwing net.
The throwing net hits you.
You become entangled in the net!
You tear a large gash into the net.
You struggle against the net.
The gnoll hits you with a flail.
* * * LOW HITPOINT WARNING * * *
You rip the net and break free!
The gnoll barely misses you.
You hit the gnoll.
The gnoll is moderately wounded.
The gnoll barely misses you.
You hit the gnoll.
The gnoll is moderately wounded.
The gnoll hits you with a flail!
You die...

###### #....#
###)##.##########
#....#............
#.#..###...........
#..................
#....####..........
#.##.####..........
###.##...@g.........g
####.#.##.####..........
#.(..#.##.# #..........
#.##.#..#.####..........
#.##.##.#>..............
#.##.##.###########.....
#.##....# .....
#.....### ... #####.# ..


You could see a gnoll.

Vanquished Creatures
  3 gnolls (D:2)
  A dart slug (D:1)
  A leopard gecko (D:1)
  3 giant cockroaches
  3 goblins (D:1)
  4 hobgoblins (D:1)
  2 jackals (D:1)
  7 bats
  3 frilled lizards (D:1)
  6 kobolds (D:1)
  5 rats (D:1)
38 creatures vanquished.

Notes
Turn   | Place    | Note
-------+----------+-------------------------------------------
     0 | D:1      | slep the Demonspawn Wanderer began the quest for the Orb.
     0 | D:1      | slep set off with: a +2 hand axe, a potion of curing, a +0 robe, a bread ration
     0 | D:1      | Reached XP level 1. HP: 18/18 MP: 2/2
   554 | D:1      | Gained mutation: You have a somewhat thin skeletal structure. (Dex +2, Stealth) [demonic ancestry]
   554 | D:1      | Reached XP level 2. HP: 22/24 MP: 3/3
   884 | D:1      | Reached XP level 3. HP: 22/30 MP: 4/4
  1174 | D:2      | Reached skill level 4 in Fighting
  1180 | D:2      | Reached skill level 1 in Dodging
  1180 | D:2      | Gained mutation: You have a pair of small horns on your head. [demonic ancestry]
  1180 | D:2      | Reached XP level 4. HP: 6/37 MP: 5/5
  1185 | D:2      | Slain by a gnoll

Skill      XL: |  1  2  3 |
---------------+----------+-----
Fighting       | 4 |  4.0
Dodging        | 1 |  1.0
Axes           | |  1.9
Armour         | |  1.0
Stealth        | |  0.6
Shields        | |  1.0
Spellcasting   | |  1.0
Earth Magic    | |  1.0
Poison Magic   | |  1.0
Evocations     | |  1.0

Action                   |  1- 3 |  4- 6 || total
-------------------------+-------+-------++-------
Melee: Hand axe          |   116 |     2 ||   118
  Use: Potion            |     3 |       ||     3
  Eat: Chunk             |     1 |       ||     1
Armor: Robe              |    35 |       ||    35
Dodge: Dodged            |    67 |     2 ||    69
